 Dungeon Crawl Stone Soup version 0.28.0-53-g5a82cb258f (webtiles) character file.

Game seed: 13611141611939744526

70602 safid the Severer (level 15, 0/130 HPs)
             Began as a Hill Orc Fighter on Aug 5, 2022.
             Was a High Priest of Beogh.
             Slain by a skeletal warrior
             ... wielding a +0 glaive
             ... led by a death knight
              (15 damage)
             ... on level 13 of the Dungeon.
             The game lasted 00:41:24 (23502 turns).

safid the Severer (Hill Orc Fighter)               Turns: 23502, Time: 00:41:25

Health: 0/130      AC: 21    Str: 27    XL:     15   Next: 33%
Magic:  0/23       EV:  9    Int: 11    God:    Beogh [*****.]
Gold:   1878       SH: 14    Dex: 16    Spells: 14/14 levels left

rFire   + . .      SeeInvis .   c - +4 broad axe (freeze)
rCold   + . .      Faith    .   S - +2 kite shield {rC+}
rNeg    . . .      Spirit   +   O - +0 plate armour {rPois}
rPois   +          Reflect  .   q - +2 helmet of Suodeamu {+Blink Int+3 Dex+6}
rElec   .          Harm     .   h - +0 cloak
rCorr   .          Rampage  .   L - +0 pair of gloves
Will    +....                   (no boots)
Stlth   ..........              B - amulet of guardian spirit
HPRegen 0.31/turn               Q - ring of protection from fire
MPRegen 0.18/turn               r - +4 ring of slaying

@: slowed, very slow
A: walk on water
a: Renounce Religion, Evoke Blink, Smiting, Recall Orcish Followers, Give Item
to Named Follower


You were on level 13 of the Dungeon.
You worshipped Beogh.
Beogh was extremely pleased with you.
You visited 2 branches of the dungeon, and saw 19 of its levels.
You also visited: Ice Cave.

You collected 1878 gold pieces.

Inventory:

Hand Weapons
 c - a +4 broad axe of freezing (weapon)
Missiles
 e - 7 curare-tipped darts
 s - 47 poisoned darts (quivered)
 z - 3 throwing nets
 M - 5 javelins
Armour
 h - a +0 cloak (worn)
 q - the +2 helmet of Suodeamu (worn) {+Blink Int+3 Dex+6}
   (You took it off Robin on level 3 of the Dungeon)

   Int:       It affects your intelligence (+3).
   Dex:       It affects your dexterity (+6).
   +Blink:    It lets you blink.
 L - a +0 pair of gloves (worn)
 O - a +0 plate armour of poison resistance (worn)
 S - a +2 kite shield of cold resistance (worn)
Jewellery
 k - a ring of positive energy
 r - a +4 ring of slaying (right hand)
 w - the ring of Niwki {MP+9 SInv}
   (You found it in an ice cave)

   [ring of magical power]

   MP:        It affects your magic capacity (+9).
   SInv:      It lets you see invisible.
 B - an amulet of guardian spirit (around neck)
 J - a ring of resist corrosion
 P - a ring of poison resistance
 Q - a ring of protection from fire (left hand)
 U - a ring of protection from cold
Wands
 a - a wand of paralysis (10)
 d - a wand of iceblast (13)
 o - a wand of flame (12)
 A - a wand of polymorph (21)
 F - a wand of acid (16)
Scrolls
 g - 3 scrolls of fog
 l - 2 scrolls of teleportation
 p - 4 scrolls of magic mapping
 t - 2 scrolls of holy word
 u - a scroll of enchant armour {unknown}
 x - 3 scrolls of summoning {unknown}
 y - 3 scrolls of blinking
 C - 2 scrolls of immolation {unknown}
 G - a scroll of acquirement {unknown}
 H - a scroll of amnesia {unknown}
 R - a scroll of fear {unknown}
 T - 2 scrolls of identify
Potions
 b - a potion of berserk rage {unknown}
 f - 4 potions of heal wounds {unknown}
 i - 2 potions of haste {unknown}
 j - 2 potions of attraction {unknown}
 m - 6 potions of curing
 n - a potion of brilliance {unknown}
 v - a potion of degeneration {unknown}
 D - 5 potions of might
 E - a potion of ambrosia {unknown}
 I - 3 potions of magic {unknown}
 K - 3 potions of lignification {unknown}
 N - a potion of flight {unknown}
 W - a potion of mutation
Miscellaneous
 V - a phial of floods


   Skills:
 + Level 11.3 Fighting
 - Level 18.0 Axes
 + Level 8.2 Throwing
 + Level 10.4 Armour
 - Level 6.0 Dodging
 * Level 12.1 Shields
 + Level 11.5 Invocations
 - Level 8.0 Evocations


You had 14 spell levels left.
You didn't know any spells.
Your spell library contained the following spells:

 Spells                   Type           Power      Damage    Failure   Level
 Sandblast                Erth           0%         2d4       99%         1
 Corpse Rot               Necr/Air       0%         N/A       100%        2
 Passwall                 Tmut/Erth      0%         N/A       100%        2
 Poisonous Vapours        Pois/Air       0%         N/A       100%        2
 Sublimation of Blood     Necr           0%         N/A       100%        2
 Wereblood                Tmut           0%         N/A       100%        2
 Call Canine Familiar     Summ           0%         N/A       100%        3
 Frozen Ramparts          Ice            0%         1d2       100%        3
 Inner Flame              Hex/Fire       0%         N/A       100%        3
 Portal Projectile        Hex/Tloc       0%         N/A       100%        3
 Stone Arrow              Conj/Erth      0%         3d7       100%        3
 Tukima's Dance           Hex            0%         N/A       100%        3
 Animate Armour           Summ/Erth      0%         N/A       100%        4
 Cause Fear               Hex            0%         N/A       100%        4
 Dispel Undead            Necr           0%         3d6       100%        4
 Ice Form                 Ice/Tmut       0%         N/A       100%        4
 Leda's Liquefaction      Hex/Erth       0%         N/A       100%        4
 Passage of Golubria      Tloc           0%         N/A       100%        4
 Summon Ice Beast         Ice/Summ       0%         N/A       100%        4
 Blade Hands              Tmut           0%         N/A       100%        5
 Freezing Cloud           Conj/Ice/Air   0%         6-21      100%        5
 Yara's Violent Unravell  Hex/Tmut       0%         3d3       100%        5
 Death Channel            Necr           0%         N/A       100%        6
 Iron Shot                Conj/Erth      0%         9d1       100%        6
 Simulacrum               Ice/Necr       0%         N/A       100%        6
 Malign Gateway           Summ/Tloc      0%         N/A       100%        7
 Summon Hydra             Summ           0%         N/A       100%        7
 Discord                  Hex            0%         N/A       100%        8
 Summon Horrible Things   Summ           0%         N/A       100%        8
 Polar Vortex             Ice            0%         N/A       100%        9


Dungeon Overview and Level Annotations

Branches:
Dungeon (13/15)              Lair (6/6) D:10         Shoals (0/4) Lair:3
 Spider (0/4) Lair:2        Slime (0/5) Lair:5          Orc (0/2) D:9
  IceCv (visited)
 Temple: D:4-7       Vaults: D:13-14

Altars:
Cheibriados
Kikubaaqudgha
Xom
Zin
Jiyva

Shops:
D:9 (

Annotations:
Lair:3 1 runed translucent door, Ycoocel's ghost, journeyman DrFE
Lair:4 3 runed translucent doors, Lance11888's ghost, journeyman HOFi


Message History

The freezing wraith misses you. You block the freezing wraith's attack.
Unknown command.
You closely miss the death knight.
The death knight is almost dead.
You slash the freezing wraith! You block the death knight's attack.
The skeletal warrior hits you from afar with a +0 glaive!
Boldo hits the death knight with a +1 hand axe.
Boldo hits the freezing wraith but does no damage.
Boldo suffers a backlash!
You block the freezing wraith's attack. The freezing wraith hits you!
The freezing wraith drains your vigour!
You feel yourself slow down.
You are too injured to fight recklessly!
Unknown command.
You are too injured to fight recklessly!
Unknown command.
You slash the freezing wraith!
You destroy the freezing wraith!
Beogh accepts your kill.
You hit the death knight. You freeze the death knight.
You kill the death knight!
Beogh accepts your kill.
Beogh appreciates your killing of a heretic priest.
Your damage is reflected back at you!
You block the skeletal warrior's attack.
Boldo unwields a +1 hand axe.
Boldo wields a +0 arbalest.
Boldo shoots a bolt.
The bolt hits the skeletal warrior!!
The skeletal warrior hits you with a +0 glaive!!
Boldo shoots a bolt.
The bolt hits the skeletal warrior.
The skeletal warrior hits you with a +0 glaive!
* * * LOW HITPOINT WARNING * * *
Unknown command.
Boldo shoots a bolt.
The bolt hits the skeletal warrior!!
The skeletal warrior hits you from afar with a +0 glaive!
* * * LOW HITPOINT WARNING * * *
Boldo shoots a bolt.
The bolt misses the skeletal warrior.
Unknown command.
Boldo unwields a +0 arbalest.
Boldo wields a +1 hand axe.
Boldo closely misses the skeletal warrior.
The skeletal warrior hits you from afar with a +0 glaive!!
You die...

.......++.........
.......##........#
.......##........#
.#####.##........#
#.........#....####
#.........#........
#.........##...#
#..............+
#.........##..@######.
#.........##.o........
#.........##)z..######
#.........##....#
#.........##....#
#.........##....#
.........##....#
#..... #...###


You could see a skeletal warrior (ally target) and the friendly Boldo the orc
warlord.

Vanquished Creatures
  A white draconian (IceCv)
  5 hydras
  3 centaur warriors
  Erica (D:9)
  2 death knights
  6 two-headed ogres
  10 death yaks
  Sonja (Lair:5)
  A lindwurm (Lair:6)
  A manticore (Lair:6)
  4 ugly things
  2 cyclopes
  12 elephants
  3 merfolk sirens (Lair:3)
  5 black mambas
  2 ice statues (IceCv)
  4 torpor snails
  4 cane toads
  A kobold demonologist (D:12)
  A freezing wraith (D:13)
  8 rime drakes
  7 komodo dragons
  6 polar bears (Lair:6)
  2 hornets (Lair:6)
  Prince Ribbit (Lair:2)
  5 slime creatures (D:12)
  Grinder (D:3)
  12 blink frogs
  7 dream sheep
  4 shadows
  6 wyverns
  A vampire (D:12)
  2 basilisks (Lair:3)
  10 spriggans (Lair:6)
  Eustachio (D:5)
  4 wraiths
  33 yaks
  A steam dragon (D:8)
  Grum (D:9)
  A vampire mosquito (D:11)
  Menkaure (D:7)
  A redback (Lair:2)
  An acid dragon (D:11)
  10 water moccasins
  5 orc warriors
  5 black bears
  3 ogres
  4 boggarts (Lair:6)
  15 centaurs
  26 wolves
  2 phantoms
  5 kobold brigands
  9 bullfrogs
  A wyvern zombie (D:5)
  A water moccasin zombie (D:5)
  6 scorpions
  A gnoll sergeant (D:10)
  15 killer bees
  3 lindwurm simulacra (IceCv)
  2 howler monkeys
  4 electric eels
  5 komodo dragon simulacra (IceCv)
  8 orc priests
  A jelly (D:9)
  A bullfrog skeleton (D:5)
  A centaur skeleton (D:5)
  3 hounds (D:5)
  Jessica (D:3)
  Ijyb (D:3)
  Natasha (thrice) (D:4)
  11 orc wizards
  4 hell rats (Lair:4)
  A killer bee zombie (D:5)
  A hound skeleton (D:4)
  Robin (D:3)
  15 gnolls
  2 howler monkey skeletons
  8 acid dragon simulacra (IceCv)
  9 adders
  3 shadow imps
  A white imp (D:7)
  5 steam dragon simulacra (IceCv)
  An adder skeleton (D:4)
  3 dart slugs
  A worm (D:2)
  46 orcs
  2 endoplasms (D:1)
  3 giant cockroaches (D:1)
  16 goblins
  6 hobgoblins
  4 jackals
  8 kobolds
  A quokka (D:4)
  4 ball pythons
  A bat (D:2)
  4 frilled lizards
  A quokka skeleton (D:4)
  A rat (D:1)
  2 rat zombies (D:4)
491 creatures vanquished.

Vanquished Creatures (collateral kills)
  A catoblepas (Lair:2)
  A boulder beetle (D:13)
  A hydra (D:12)
  4 death yaks
  A deep elf pyromancer (D:13)
  An oklob plant (Lair:1)
  2 ugly things
  4 elephants
  2 black mambas
  6 cane toads
  An unseen horror (D:13)
  2 rime drakes
  A freezing wraith (D:11)
  2 komodo dragons
  6 polar bears
  2 trolls (D:10)
  4 blink frogs
  A dream sheep (Lair:5)
  A wraith (D:13)
  A wyvern (Lair:3)
  10 yaks
  3 basilisks
  A redback (Lair:2)
  A steam dragon (D:9)
  2 vampire mosquitoes (D:11)
  A water moccasin (Lair:5)
  2 black bears
  A black bear (shapeshifter) (D:10)
  A boggart (Lair:6)
  A centaur (D:10)
  11 wolves
  A kobold brigand (D:10)
  A gnoll sergeant (D:10)
  6 bullfrogs
  A killer bee (D:10)
  An electric eel (Lair:6)
  3 jellies (D:9)
  2 hell rats (Lair:4)
  A gnoll (D:10)
94 creatures vanquished.

Vanquished Creatures (others)
  An orc knight (D:11)
  2 orc wizards
  4 orcs
  A kobold (D:3)
  34 fungi
  41 plants
83 creatures vanquished.

Grand Total: 668 creatures vanquished

Notes
Turn   | Place    | Note
-------+----------+-------------------------------------------
     0 | D:1      | safid the Hill Orc Fighter began the quest for the Orb.
     0 | D:1      | Reached XP level 1. HP: 19/19 MP: 1/1
    45 | D:1      | Found a faded altar of an unknown god.
   372 | D:1      | Reached skill level 3 in Axes
   372 | D:1      | Reached XP level 2. HP: 27/27 MP: 2/2
   836 | D:2      | Reached XP level 3. HP: 32/33 MP: 3/3
   974 | D:2      | Found a shimmering altar of Xom.
  1250 | D:2      | Reached XP level 4. HP: 34/40 MP: 4/4
  1404 | D:3      | Noticed Jessica
  1409 | D:3      | Killed Jessica
  1410 | D:3      | Reached skill level 4 in Axes
  1631 | D:3      | Identified the +2 helmet of Suodeamu {+Blink Int+3 Dex+6}
  1631 | D:3      | Noticed Robin
  1669 | D:3      | Killed Robin
  1670 | D:3      | Reached skill level 5 in Axes
  1719 | D:3      | Reached XP level 5. HP: 46/46 MP: 5/5
  2099 | D:3      | Noticed Ijyb
  2101 | D:3      | Noticed Grinder
  2122 | D:3      | Killed Ijyb
  2127 | D:3      | Killed Grinder
  2128 | D:3      | Reached skill level 7 in Axes
  2128 | D:3      | Reached XP level 6. HP: 37/52 MP: 6/6
  2680 | D:4      | Reached skill level 8 in Axes
  2825 | D:4      | Noticed Natasha
  2831 | D:4      | Killed Natasha
  2848 | D:4      | Reached XP level 7. HP: 35/59 MP: 7/7
  3022 | D:4      | Found an ancient bone altar of Kikubaaqudgha.
  3104 | D:4      | Reached skill level 9 in Axes
  3331 | D:4      | Noticed Natasha
  3339 | D:4      | Killed Natasha
  3532 | D:4      | Noticed Natasha
  3536 | D:4      | Killed Natasha
  3587 | D:4      | Found a snail-covered altar of Cheibriados.
  3880 | D:5      | Entered Level 5 of the Dungeon
  3949 | D:5      | Reached skill level 10 in Axes
  4248 | D:5      | Noticed Eustachio
  4265 | D:5      | Killed Eustachio
  4266 | D:5      | Reached skill level 11 in Axes
  4266 | D:5      | Reached XP level 8. HP: 49/66 MP: 8/8
  4441 | D:5      | Reached skill level 12 in Axes
  4450 | D:5      | Gained mutation: Armour fits poorly on your strangely
                  | shaped body. [potion of mutation]
  4450 | D:5      | Gained mutation: You are agile. (Dex +2) [potion of
                  | mutation]
  4474 | D:5      | Reached skill level 13 in Axes
  4474 | D:5      | Lost mutation: Armour fits poorly on your strangely shaped
                  | body. [potion of mutation]
  4474 | D:5      | Lost mutation: You are agile. (Dex +2) [potion of mutation]
  4474 | D:5      | Gained mutation: You are dopey. (Int -2) [potion of
                  | mutation]
  4474 | D:5      | Lost mutation: You are dopey. (Int -2) [potion of mutation]
  5298 | D:6      | Reached skill level 14 in Axes
  5298 | D:6      | Reached XP level 9. HP: 71/71 MP: 9/9
  6157 | D:7      | Noticed Menkaure
  6163 | D:7      | Killed Menkaure
  6164 | D:7      | Reached skill level 15 in Axes
  6452 | D:7      | Became a worshipper of Beogh the Brigand
  7132 | D:8      | Reached skill level 16 in Axes
  7236 | D:8      | Reached skill level 1 in Invocations
  7523 | D:8      | Reached skill level 1 in Throwing
  7523 | D:8      | Reached skill level 1 in Evocations
  7547 | D:8      | Reached * piety under Beogh
  7550 | D:8      | Reached skill level 1 in Dodging
  7621 | D:8      | Reached XP level 10. HP: 54/80 MP: 8/11
  8184 | D:8      | Reached skill level 5 in Fighting
  8592 | D:9      | Reached skill level 5 in Armour
  8593 | D:9      | Found a staircase to the Orcish Mines.
  8595 | D:9      | Reached ** piety under Beogh
  9068 | D:9      | Noticed Grum
  9080 | D:9      | Killed Grum
  9080 | D:9      | Reached *** piety under Beogh
  9131 | D:9      | Found Mauritec's Weapon Shop.
  9187 | D:9      | Noticed a two-headed ogre
  9197 | D:9      | Killed a two-headed ogre
  9232 | D:9      | Reached skill level 5 in Invocations
  9359 | D:9      | Noticed Erica
  9370 | D:9      | Killed Erica
  9371 | D:9      | Reached XP level 11. HP: 56/91 MP: 9/15
  9637 | D:9      | Found a viscous altar of Jiyva.
 10022 | D:10     | Entered Level 10 of the Dungeon
 10046 | D:10     | Found a staircase to the Lair.
 10660 | D:10     | Reached **** piety under Beogh
 10777 | D:10     | Noticed a centaur warrior
 10786 | D:10     | Noticed a two-headed ogre
 10787 | D:10     | Killed a centaur warrior
 10794 | D:10     | Killed a two-headed ogre
 10952 | D:10     | Noticed a two-headed ogre
 10961 | D:10     | Killed a two-headed ogre
 10966 | D:10     | Reached skill level 5 in Shields
 11683 | D:11     | Noticed a green ugly thing
 11689 | D:11     | Killed a green ugly thing
 11697 | D:11     | Noticed a cyclops
 11705 | D:11     | Killed a cyclops
 11706 | D:11     | Reached skill level 5 in Evocations
 11742 | D:11     | Noticed a purple ugly thing
 11750 | D:11     | Killed a purple ugly thing
 11922 | D:11     | Noticed a cyan ugly thing
 12292 | Lair:1   | Entered Level 1 of the Lair of Beasts
 12298 | Lair:1   | Reached XP level 12. HP: 100/100 MP: 17/17
 12376 | Lair:1   | Reached skill level 5 in Throwing
 13432 | Lair:2   | Noticed a death yak
 13435 | Lair:2   | Noticed a death yak
 13438 | Lair:2   | Gained Boldo as an ally
 13439 | Lair:2   | Noticed a death yak
 13439 | Lair:2   | Noticed a death yak
 13439 | Lair:2   | Noticed a death yak
 13440 | Lair:2   | Noticed a death yak
 13449 | Lair:2   | Killed a death yak
 13449 | Lair:2   | Killed a death yak
 13452 | Lair:2   | Killed a death yak
 13455 | Lair:2   | Killed a death yak
 13457 | Lair:2   | Killed a death yak
 13458 | Lair:2   | Killed a death yak
 13784 | Lair:2   | Noticed a death yak
 13792 | Lair:2   | Reached skill level 5 in Dodging
 13803 | Lair:2   | Reached skill level 17 in Axes
 13803 | Lair:2   | Killed a death yak
 13803 | Lair:2   | Reached ***** piety under Beogh
 13814 | Lair:2   | Reached XP level 13. HP: 16/108 MP: 4/19
 13819 | Lair:2   | Found a frozen archway.
 13988 | IceCv    | Entered an ice cave
 14640 | IceCv    | Noticed a white draconian
 14674 | IceCv    | Killed a white draconian
 15235 | IceCv    | Identified the ring of Niwki {MP+9 SInv}
 15682 | Lair:2   | Noticed Prince Ribbit
 15704 | Lair:2   | Killed Prince Ribbit
 15830 | Lair:2   | Found a hole to the Spider Nest.
 17297 | Lair:3   | Found a runed translucent door.
 17305 | Lair:3   | Noticed Ycoocel's ghost (journeyman DrFE)
 17533 | Lair:3   | Found a staircase to the Shoals.
 17737 | Lair:4   | Reached skill level 18 in Axes
 17824 | Lair:4   | Reached XP level 14. HP: 101/118 MP: 16/21
 18066 | Lair:4   | Reached ****** piety under Beogh
 18256 | Lair:4   | Found a runed translucent gate.
 18256 | Lair:4   | Found a runed translucent gate.
 18258 | Lair:4   | Found a runed translucent gate.
 18269 | Lair:4   | Noticed Lance11888's ghost (journeyman HOFi)
 18620 | Lair:5   | Found a staircase to the Slime Pits.
 18620 | Lair:5   | Found a viscous altar of Jiyva.
 18744 | Lair:5   | Reached skill level 10 in Shields
 18795 | Lair:5   | Noticed Sonja
 18801 | Lair:5   | Killed Sonja
 18802 | Lair:5   | Reached skill level 10 in Fighting
 18802 | Lair:5   | Reached skill level 10 in Invocations
 19854 | Lair:6   | Entered Level 6 of the Lair of Beasts
 20899 | Lair:6   | Found a glowing silver altar of Zin.
 22400 | D:12     | Reached skill level 10 in Armour
 22400 | D:12     | Reached XP level 15. HP: 118/128 MP: 20/23
 23502 | D:13     | Slain by a skeletal warrior

Illustrated notes

Levels and vault maps discovered:
D:1:      dpeg_arrival_line_fractal, layout_loops_cross,
          hellmonk_ecumenical_altar_crossroads
D:2:      layout_basic, basic_altar
D:3:      kennysheep_goblin_castle, layout_loops_ring, minmay_misc_feat_square,
          uniq_ijyb, uniq_jessica, uniq_grinder
D:4:      layout_loops_corners, cheibriados_altar_1,
          lemuel_zombie_altar_kikubaaqudgha, uniq_natasha, uniq_robin
D:5:      layout_basic, minmay_fractal_squares_diagonal_5, uniq_eustachio
D:6:      layout_cave_pools
D:7:      layout_cave_pods, minmay_temple_entry_from_below_a,
          roderic_st_hans_cross, uniq_menkaure, uniq_crazy_yiuf_cottage
D:8:      layout_layer_cave
D:9:      layout_cave_pools, hiddenorc2_lemuel, serial_shops,
          nicolae_shop_bloodbath_and_beyond, serial_rivers,
          chequers_serial_rivers_room_b, chequers_serial_rivers_room_b,
          chequers_serial_rivers_micro_c, chequers_serial_rivers_small_b,
          chequers_serial_rivers_large_a, chequers_serial_rivers_small_b,
          jiyva_altar_1, uniq_grum, uniq_erica
D:10:     layout_basic, due_lair_maze_entry_diamond,
          minmay_fractal_squares_gapless_7
D:11:     layout_rooms
D:12:     layout_basic, minmay_checkerbox
D:13:     layout_basic
Lair:1:   layout_gridlike, grunt_megastairs_5
Lair:2:   layout_layer_cave, spider_nest_entry_webs, portal_ice_cave_rime,
          eino_small_chamber_without_monster, lemuel_fruit_tree,
          uniq_prince_ribbit2
Lair:3:   layout_roguey, elwin_shoals_entry_rooms,
          ebering_ghost_reflecting_pool, fungi_pond_lemuel,
          kennysheep_basilisk_garden
Lair:4:   layout_misc_corridors, maelrawn_ghost_gauntlet_escape,
          chequers_serial_rivers_micro_e
Lair:5:   layout_layer_cave, slime_altar_1, eino_small_chamber_without_monster,
          serial_bayou_lake_a, uniq_sonja
Lair:6:   minmay_lair_end_enchanted_forest, layout_misc_corridors, basic_altar,
          wad_woods_river_02, st_stairs_8, cheibrodos_lair_lostbears

Skill      XL: |  1  2  3  4  5  6  7  8  9 10 11 12 13 14 15 |
---------------+----------------------------------------------+-----
Axes           | 3 5 7 8 11 14 16 17 18 | 18.0
Fighting       | 4 6 7 8 9 10 11 | 11.3
Shields        | 4 5 7 9 11 12 | 12.1
Armour         | 4 6 7 8 10 | 10.4
Invocations    | 2 5 7 8 9 11 | 11.5
Throwing       | 1 3 4 5 6 7 8 |  8.2
Evocations     | 1 4 5 6 7 8 |  8.0
Dodging        | 1 3 4 5 6 |  6.0

Action                   |  1- 3 |  4- 6 |  7- 9 | 10-12 | 13-15 || total
-------------------------+-------+-------+-------+-------+-------++-------
Melee: War axe           |    55 |    71 |   276 |   259 |       ||   661
       Broad axe         |       |       |       |   129 |   654 ||   783
Throw: Dart              |       |       |     1 |     1 |     8 ||    10
Invok: Convert to Beogh  |       |       |     1 |       |       ||     1
       Smiting           |       |       |       |     1 |    13 ||    14
       Recall Orcish Fol |       |       |       |     1 |       ||     1
  Use: Potion            |       |     1 |     2 |     1 |     5 ||     9
       Scroll            |       |       |     6 |     8 |     7 ||    21
 Stab: Distracted        |       |       |       |     2 |     6 ||     8
Armor: Scale mail        |    24 |    42 |     1 |       |       ||    67
       Plate armour      |       |       |   183 |   232 |   241 ||   656
Dodge: Dodged            |    23 |    31 |    76 |   101 |   117 ||   348
Block: Buckler           |    10 |    15 |    71 |    50 |       ||   146
       Kite shield       |       |       |       |   111 |   340 ||   451
